 Dungeon Crawl Stone Soup version 0.22-a0-580-gd5db89c (webtiles) character file.

105 sking99 the Skirmisher (level 5, -13/42 HPs)
             Began as a Formicid Abyssal Knight on July 3, 2018.
             Was a Believer of Lugonu.
             Killed by divine providence
             ... invoked by an orc priest
              (15 damage)
             ... on level 3 of the Dungeon.
             The game lasted 00:05:36 (2751 turns).

sking99 the Skirmisher (Formicid Abyssal Knight)    Turns: 2751, Time: 00:05:36

Health: -13/42     AC:  4    Str: 17    XL:     5   Next: 9%
Magic:  7/7        EV:  8    Int: 12    God:    Lugonu [**....]
Gold:   114        SH:  7    Dex: 10    Spells: 4/4 levels left

rFire    . . .     SeeInvis +   e - +0 long sword
rCold    . . .     Gourm    .   m - +0 shield
rNeg     . . .     Faith    .   b - +0 leather armour
rPois    .         Spirit   .   (helmet unavailable)
rElec    .         Reflect  .   (no cloak)
rCorr    .         Harm     .   (no gloves)
MR       .....                  a - +0 pair of boots
Stlth    +.........             (no amulet)
HPRegen  0.14/turn              (no ring)
MPRegen  0.10/turn              (no ring)

@: no status effects
A: permanent stasis, dig shafts and tunnels, four strong arms, antennae 3
a: Dig, Shaft Self, Depart the Abyss, Bend Space, Renounce Religion


You were on level 3 of the Dungeon.
You worshipped Lugonu.
Lugonu was pleased with you.
You were hungry.

You visited 1 branch of the dungeon, and saw 3 of its levels.
You visited the Abyss 1 time.

You collected 114 gold pieces.

Inventory:

Hand Weapons
 e - a +0 long sword (weapon)
Armour
 a - a +0 pair of boots (worn)
 b - a +0 leather armour (worn)
 m - a +0 shield (worn)
Jewellery
 j - a +3 amulet of reflection {unknown}
Scrolls
 d - a scroll of silence {unknown}
 f - 2 scrolls of identify {unknown}
 g - 5 scrolls of remove curse {unknown}
 i - a scroll of random uselessness {unknown}
 k - 2 scrolls of teleportation {unknown}
Potions
 h - 3 potions of agility {unknown}
 l - a potion of haste {unknown}
 n - a potion of heal wounds {unknown}
 o - a potion of flight {unknown}
Comestibles
 c - 3 rations


   Skills:
 - Level 3.9 Fighting
 * Level 3.6 Long Blades
 - Level 2.2 Armour
 - Level 0.8 Dodging
 + Level 0.8 Shields
 + Level 3.4 Invocations


You had 4 spell levels left.
You didn't know any spells.
Your spell library contained the following spells:

 Spells                   Type           Power        Failure   Level  Hunger
 Magic Dart               Conj           #...         93%         1    ##.....
 Conjure Flame            Conj/Fire      #.......     100%        3    ####...
 Slow                     Hex            #.......     98%         2    ###....
 Mephitic Cloud           Conj/Pois/Air  #.......     100%        3    ####...
 Blink                    Tloc           N/A          98%         2    ###....
 Call Imp                 Summ           #.......     98%         2    ###....


Dungeon Overview and Level Annotations

Branches:
Dungeon (3/15)

Altars:
Yredelemnul


Innate Abilities, Weirdness & Mutations

You cannot be hasted, slowed, berserked, paralysed or teleported.
You can dig through walls and to a lower floor.
Your four strong arms can wield two-handed weapons with a shield.
You have a pair of large antennae on your head. (SInv)


Message History

The orc priest is heavily wounded.
You block the orc priest's attack.
You hit the orc priest.
The orc priest is severely wounded.
The orc priest hits you with a whip.
* * * LOW HITPOINT WARNING * * *
Your shield prevents you from hitting the orc priest.
The orc priest is severely wounded.
The orc priest barely misses you.
You riposte.
You hit the orc priest but do no damage.
The orc priest is severely wounded.
You block the orc priest's attack.
You closely miss the orc priest.
The orc priest is severely wounded.
You block the orc priest's attack.
Your shield prevents you from hitting the orc priest.
The orc priest is heavily wounded.
The orc priest mumbles some strange prayers to Beogh against you.
Beogh smites you!
You die...

#......# ##..........#.# ..
#......#
#....###....#.###.##
#......###....###..........#
#.................#o##......
#####.####....##.#.## ######
#.# #....##.#......?. #.#
#######.#.#####.. #.#
####.#.# #.# #@#{.#.# #.#
##o#.#.# #.# ###.#.# #.#
#.#.# #.# #.. ###


You could see an orc priest.

Vanquished Creatures
  An orc wizard (D:3)
  2 adders
  A dart slug (D:1)
  4 leopard geckos
  3 orcs (D:3)
  A ball python (D:2)
  A giant cockroach (D:1)
  6 hobgoblins
  5 jackals
  7 bats
  5 frilled lizards
  4 goblins
  7 kobolds
  4 rats (D:1)
51 creatures vanquished.

Vanquished Creatures (others)
  4 starspawn tentacles (Abyss:2)
4 creatures vanquished.

Grand Total: 55 creatures vanquished

Notes
Turn   | Place    | Note
-------+----------+-------------------------------------------
     0 | Abyss:1  | sking99 the Formicid Abyssal Knight began the quest for the Orb.
     0 | Abyss:1  | Reached XP level 1. HP: 18/18 MP: 2/2
   116 | Abyss:2  | Noticed a hell hog
   122 | Abyss:2  | Noticed a tentacled starspawn
   148 | Abyss:2  | Noticed a tentacled starspawn
   149 | Abyss:2  | Noticed a quasit
   155 | D:1      | Escaped the Abyss
   251 | D:1      | Reached XP level 2. HP: 14/24 MP: 3/3
   252 | D:1      | Reached * piety under Lugonu
   629 | D:1      | Reached XP level 3. HP: 18/29 MP: 3/5
  1754 | D:2      | Found a basalt altar of Yredelemnul.
  1779 | D:2      | Reached XP level 4. HP: 28/37 MP: 6/6
  2207 | D:2      | You fall through a shaft!
  2234 | D:3      | Reached ** piety under Lugonu
  2742 | D:3      | Reached XP level 5. HP: 6/42 MP: 7/7
  2748 | D:3      | HP: 2/42 [orc priest/whip (5)]
  2751 | D:3      | Killed from afar by an orc priest

Vault maps used:
D:1:      mrwooster_arrival_statue_2, st_stairs_9
D:2:      yredelemnul_altar_generic
D:3:      fiery_altar_vehumet
Abyss:1:  abyss_greek_temple

Skill      XL: |  1  2  3 |
---------------+----------+-----
Long Blades    | 3 |  3.6
Invocations    | 3 |  3.4
Fighting       | |  3.9
Armour         | |  2.2
Dodging        | |  0.8
Shields        | |  0.8

Action                   |  1- 3 |  4- 6 || total
-------------------------+-------+-------++-------
Melee: Long sword        |   129 |    53 ||   182
Invok: Depart the Abyss  |     1 |       ||     1
 Abil: Dig               |       |     3 ||     3
  Eat: Chunk             |     3 |     3 ||     6
Armor: Leather armour    |    40 |    16 ||    56
Dodge: Dodged            |    87 |    25 ||   112
Block: Shield            |       |    12 ||    12
       Rpst.: Long sword |    30 |     8 ||    38

Table legend:
 A = Spawn XP
 B = Non-spawn XP
 C = Spawn XP percentage of total XP
 D = Spawn monster count
 E = Non-spawn monster count
 F = Spawn count percentage of total count
 G = Total turns spent on level
                    A         B        C        D         E        F      G
               +---------+---------+-------+---------+---------+-------+---------
         Total |       0 |     151 |   0.0 |       0 |      51 |   0.0 |  2751
               +---------+---------+-------+---------+---------+-------+---------
           D:1 |       0 |      49 |   0.0 |       0 |      31 |   0.0 |  1316
           D:2 |       0 |      36 |   0.0 |       0 |      13 |   0.0 |   773
           D:3 |       0 |      66 |   0.0 |       0 |       7 |   0.0 |   507
               +---------+---------+-------+---------+---------+-------+---------
